 Dungeon Crawl Stone Soup version 0.29-a0-512-gf59ac788ac (webtiles) character file.

Game seed: 15126847731350988109

17 ytrimaz the Skirmisher (level 2, 0/17 (24) HPs)
             Began as a Demonspawn Fighter on May 29, 2022.
             Slain by an orc wizard
             ... wielding a +0 dagger of draining
              (1 damage)
             ... on level 2 of the Dungeon.
             The game lasted 00:00:39 (130 turns).

ytrimaz the Skirmisher (Demonspawn Fighter)          Turns: 130, Time: 00:00:40

HP:   0/17 (24)     AC:  6    Str: 16    XL:     2   Next: 44%
MP:   2/2           EV:  8    Int:  9    God:
Gold: 11            SH:  4    Dex: 12    Spells: 1/1 levels left

rFire   . . .      SeeInvis .   a - +0 rapier
rCold   . . .      Faith    .   c - +0 buckler
rNeg    . . .      Spirit   .   b - +0 scale mail
rPois   .          Reflect  .   (helmet restricted)
rElec   .          Harm     .   (no cloak)
rCorr   .          Rampage  .   (no gloves)
Will    .....                   (no boots)
Stlth   ..........              (no amulet)
HPRegen 0.05/turn               (no ring)
MPRegen 0.08/turn               (no ring)

@: mighty, very heavily drained
A: horns 1
a: no special abilities


You were on level 2 of the Dungeon.
You visited 1 branch of the dungeon, and saw 2 of its levels.

You collected 11 gold pieces.

Inventory:

Hand Weapons
 a - a +0 rapier (weapon)
Armour
 b - a +0 scale mail (worn)
 c - a +0 buckler (worn)
Scrolls
 e - a scroll of immolation {unknown}
 f - a scroll of identify {unknown}


   Skills:
 + Level 3.2 Fighting
 + Level 1.9 Short Blades
 + Level 2.9 Armour
 + Level 2.9 Shields


You had one spell level left.
You didn't know any spells.
Your spell library was empty.

Dungeon Overview and Level Annotations

Branches:
Dungeon (1/15)

Altars:


Innate Abilities, Weirdness & Mutations

You have a pair of small horns on your head.


Message History

You kill the dart slug!
The orc wizard shouts!
You block the orc's attack.
Items here: ))) [ †.
You puncture the orc!
You kill the orc!
You barely miss the orc. You block the orc's attack.
The orc wizard casts a spell.
The orc wizard flickers and vanishes!
Deactivating autopickup; reactivate with Ctrl-A.
The orc hits you with a +0 hand axe.
You barely miss the orc.
A giant cockroach comes into view.
The orc hits you but does no damage.
You puncture the orc!
You kill the orc!
The orc hits you with a +0 club. You block something's attack.
Items here: )) [ †.
You hit something. Something hits you.
You feel drained. The orc barely misses you.
You barely miss something. Something hits you but does no damage.
You feel drained. You block the orc's attack.
You closely miss something. Your headbutt misses something.
Something hits you but does no damage.
You feel drained. You block the orc's attack. Something hits you.
You feel drained. The orc hits you but does no damage.
You closely miss something. Your headbutt misses something.
Something hits you but does no damage.
You feel drained. The orc hits you but does no damage.
You miss something. Your headbutt misses something.
You hear some strange, mumbled words.
A puff of flame appears from out of thin air!
The puff of flame hits you. The orc barely misses you.
You hit something. The orc barely misses you. Something hits you.
* * * LOW HITPOINT WARNING * * *
You feel drained.
You barely miss something. Your headbutt misses something. Something hits you.
* * * LOW HITPOINT WARNING * * *
You feel drained.
You die...

#......#............
#.####..#.....#..... [...
#...##....#######.####......
......###...#####...#.......
...............[............
.########.##..##.##.........
.# #......# (.......$. .#
######.####......... .#
#.)@{B......# .#
####o..)....# .#
#..........# .#
#....##...##.# .# #....##
.>.... .# .$..##. ##...o.
..# ..... . #.... #+# .#?##
# ..#. >. .#


You could see an orc and a giant cockroach.

Vanquished Creatures
  A dart slug (D:2)
  3 orcs (D:2)
  A ball python (D:1)
  An endoplasm (D:2)
  3 goblins (D:2)
  A kobold (D:2)
10 creatures vanquished.

Notes
Turn   | Place    | Note
-------+----------+-------------------------------------------
     0 | D:1      | ytrimaz the Demonspawn Fighter began the quest for the Orb.
     0 | D:1      | Reached XP level 1. HP: 18/18 MP: 1/1
    33 | D:1      | You fall into a shaft and drop 1 floor!
   104 | D:2      | Noticed an orc wizard
   115 | D:2      | Gained mutation: You have a pair of small horns on your
                  | head. [demonic ancestry]
   115 | D:2      | Reached XP level 2. HP: 16/24 MP: 2/2
   130 | D:2      | Slain by an orc wizard

Illustrated notes

Levels and vault maps discovered:
D:1:      lemuel_arrival_cross, layout_rooms, dreamdust_ecumenical_altar_grove,
          serial_forest, infiniplex_forest_diagonal, infiniplex_forest_lined_2,
          infiniplex_forest_straight_2, infiniplex_forest_diagonal,
          infiniplex_forest_lined_room_, infiniplex_forest_end_1,
          infiniplex_forest_corner_1, infiniplex_forest_corner_1,
          minmay_misc_feat_diagonals, minmay_nonomino_d4
D:2:      layout_rooms, serial_shops, shop, chequers_arboretum

Action                   || total
-------------------------++-------
Melee: Rapier            ||    25
       Headbutt          ||     1
  Use: Potion            ||     1
Armor: Scale mail        ||    15
Dodge: Dodged            ||    10
Block: Buckler           ||    10

Table legend: (Time is in decaauts)
 A = Elapsed time spent in this place.
 B = Non-inter-level travel time spent in this place.
 C = Inter-level travel time spent in this place.
 D = Time resting spent in this place.
 E = Time spent auto-exploring this place.
 F = Levels seen in this place.
 G = Mean time per level.
                   A        B        C        D        E       F      G
               +--------+--------+--------+--------+--------+-----+--------+
         Total |    133 |    130 |      3 |      0 |     59 |   2 |   66.5 |
       Dungeon |    133 |    130 |      3 |      0 |     59 |   2 |   66.5 |
               +--------+--------+--------+--------+--------+-----+--------+

Top non-repeatable levels by time:
     D:2: 100 daAuts
     D:1: 33 daAuts
